 Dungeon Crawl Stone Soup version 0.30-a0-743-gbfdf073431 (webtiles) character file.

Game seed: 12759794561477979854

3 Lavandula the Slasher (level 1, -1/18 HPs)
             Began as a Human Monk on Feb 6, 2023.
             Slain by a quokka (3 damage)
             ... on level 1 of the Dungeon.
             The game lasted 00:00:10 (31 turns).

Lavandula the Slasher (Human Monk)                    Turns: 31, Time: 00:00:11

Health: -1/18      AC:  2    Str: 11    XL:     1   Next: 55%
Magic:  1/1        EV: 13    Int: 10    God:
Gold:   0          SH:  0    Dex: 15    Spells: 0/0 levels left

rFire   . . .      SeeInvis .    a - +0 falchion
rCold   . . .      Faith    .    (no shield)
rNeg    . . .      Spirit   .    b - +0 robe
rPois   .          Reflect  .    (no helmet)
rElec   .          Harm     .    (no cloak)
rCorr   .          Rampage  .    (no gloves)
Will    .....                    (no boots)
Stlth   ++                       (no amulet)
HPRegen 0.23/turn                (no ring)
MPRegen 0.07/turn                (no ring)

@: no status effects
A: no striking features
a: no special abilities


You were on level 1 of the Dungeon.
You visited 1 branch of the dungeon, and saw 1 of its levels.

Inventory:

Hand Weapons
 a - a +0 falchion (weapon)
Armour
 b - a +0 robe (worn)
Potions
 c - a potion of ambrosia


   Skills:
 - Level 3.0 Fighting
 + Level 3.2 Long Blades
 - Level 3.0 Dodging
 - Level 2.0 Stealth


You couldn't memorise any spells.
You didn't know any spells.
Your spell library was empty.

Dungeon Overview and Level Annotations

Branches:
Dungeon (1/15)

Altars:


Message History

You closely miss the hobgoblin.
You punch the hobgoblin, but do no damage.
The quokka bites you. The hobgoblin closely misses you.
You closely miss the hobgoblin. The quokka barely misses you.
The hobgoblin closely misses you.
You hit the hobgoblin.
You kill the hobgoblin!
The quokka bites you.
A ball python comes into view.
The quokka barely misses you.
You barely miss the kobold.
The ball python hisses angrily.
You punch the kobold, but do no damage. The kobold closely misses you.
The quokka completely misses you.
You hit the kobold.
The kobold is moderately wounded.
The quokka closely misses you. The kobold closely misses you.
You barely miss the kobold.
The kobold is moderately wounded.
The quokka bites you. The kobold hits you with a +0 dagger.
The quokka misses you.
You hit the kobold.
You kill the kobold!
The quokka bites you.
* * * LOW HITPOINT WARNING * * *
You closely miss the ball python. The quokka bites you.
* * * LOW HITPOINT WARNING * * *
The ball python bites you.
* * * LOW HITPOINT WARNING * * *
The ball python closely misses you. The quokka bites you.
* * * LOW HITPOINT WARNING * * *
You closely miss the ball python. The ball python closely misses you.
The ball python barely misses you. The quokka barely misses you.
You hit the ball python.
You kill the ball python!
The quokka misses you.
You hit the quokka. You punch the quokka, but do no damage.
The quokka is severely wounded.
The quokka barely misses you. The quokka bites you.
You die...

...#...#...#...#....#...
#.#...#...#....#........
#...#.#.#.....#........
#.#...#......#......).
#.<...#.#...#........
#...#.....#.............
.#...#...#.....#........
##...#.##.....#)†......
.#...#..#[...#@(......
...#. .#..#...#.r......
.. ..# ....#..#........
. .. ......#.##.######
#......## .# .# ##


You could see a quokka.

Vanquished Creatures
  A hobgoblin (D:1)
  A kobold (D:1)
  A ball python (D:1)
3 creatures vanquished.

Notes
Turn   | Place    | Note
-------+----------+-------------------------------------------
     0 | D:1      | Lavandula the Human Monk began the quest for the Orb.
     0 | D:1      | Reached XP level 1. HP: 18/18 MP: 1/1
    31 | D:1      | Slain by a quokka

Illustrated notes

Levels and vault maps discovered:
D:1:      matt_arrival_diagonals, layout_basic

Action                     || total
---------------------------++-------
  Melee: Falchion          ||    12
         Punch             ||     3
  Dodge: Dodged            ||    17

Table legend: (Time is in decaauts)
 A = Elapsed time spent in this place.
 B = Non-inter-level travel time spent in this place.
 C = Inter-level travel time spent in this place.
 D = Time resting spent in this place.
 E = Time spent auto-exploring this place.
 F = Levels seen in this place.
 G = Mean time per level.
                   A        B        C        D        E       F      G
               +--------+--------+--------+--------+--------+-----+--------+
         Total |     32 |     32 |      0 |      0 |     14 |   1 |   32.0 |
       Dungeon |     32 |     32 |      0 |      0 |     14 |   1 |   32.0 |
               +--------+--------+--------+--------+--------+-----+--------+

Top non-repeatable levels by time:
     D:1: 32 daAuts
